[Event "*** Titled Tuesday Blitz"]
[Site "Chess.com"]
[Date "2019.07.02"]
[Round "4"]
[White "RichardLeyvaP"]
[Black "Samuray111"]
[Result "0-1"]
[WhiteElo "2420"]
[BlackElo "2564"]
[TimeControl "180+2"]
[EndTime "13:54:14 PDT"]
[Termination "Samuray111 won on time"]

1. e4 c5 2. Nf3 Nc6 3. d4 cxd4 4.
Nxd4 g6 5. Be2 Bg7 6. Nb3 Nf6 7. Nc3 O-O 8. O-O d6 9. Re1 Be6 10. Bf1 Rc8 11. Nd5 Bxd5 12. exd5 Ne5 13. c3 a6 14. g3 Re8 15. Bg2 Nc4 16. Nd2 b5 17.
Nxc4 bxc4 18. Qe2 Nd7 19. Be3 Ne5 20. Be4 Rb8 21. Red1 Qa5 22. Bd4 Qb5 23. Rab1 Qa4 24. b3 cxb3 25. axb3 Qb5 26. c4 Qb7 27. b4 Nd7 28.
Bxg7 Kxg7 29. c5 Qc7 30. c6 Nf6 31. Bf3 Rb6 32. Qd2 Reb8 33. h4 a5 34. b5 Rxb5 35.
Rxb5 Rxb5 36. Qd3 Rb4 37. Ra1 Qb6 38. Kg2 Rb2 39. Rf1 Qc5 40. Kg1 a4 41. Qe3 Qxe3 42. fxe3 a3 43. Ra1 a2 44. Bd1 Nxd5 45. Bf3 Rb1+ 46.
Kg2 Rxa1 47. Bxd5 Rg1+ 48. Kxg1 a1=Q+ 49. Kg2 Qe5 50. e4 Qc3 51. Kf2 e6 0-1

[Event "*** Titled Tuesday Blitz"]
[Site "Chess.com"]
[Date "2019.07.02"]
[Round "4"]
[White "colegiodemadrid"]
[Black "Zq1"]
[Result "0-1"]
[WhiteElo "2442"]
[BlackElo "2559"]
[TimeControl "180+2"]
[EndTime "13:54:21 PDT"]
[Termination "Zq1 won by resignation"]

1. e4 c5 2. Nf3 d6 3. d4 cxd4 4. Nxd4 Nf6 5. Nc3 Nc6 6. Bg5 g6 7. Bxf6 exf6 8. Qd2 Bg7 9. Ndb5 O-O 10. Be2 f5 11.
O-O fxe4 12. Nxe4 Bxb2 13. Rab1 Bg7 14. Nbxd6 Nd4 15. c3 Nxe2+ 16. Qxe2 b6 17. Rfd1 Qe7 18. Nxc8 Raxc8 19. Rd3 f5 20. Ng3 Qxe2 21. Nxe2 Rfe8 22. Kf1 Re7 23. h3 Rec7 24. Rb3 Rc4 25. g3 R8c7 26. Kg2 Kf7 27. Kf3 g5 28. g4 fxg4+ 29. hxg4 Ke6 30.
Re3+ Kf7 31. Rd3 Be5 32. Rd5 Ke6 33. Rd3 Rf7+ 34. Ke3 Rxg4 35. Rd8 Bf4+ 36. Kd3 Rd7+ 37. Nd4+ Kd6 38. Re8 Rg1 39. Rb5 Rd1+ 40. Kc2 Rxd4 41. cxd4 h5 42. Rh8 h4 43. Rf5 Ke6 44. Rff8 Rxd4 45. f3 Rd2+ 46. Kc3 Rf2 47. Kd4 Rd2+ 48. Ke4 Re2+ 49. Kd4 Rxa2 50. Re8+ Kd7 51. Rd8+ Kc6 52. Rc8+ Kb5 53. Ke4 Re2+ 54. Kf5 Re5+ 55. Kg4 Rc5 56. Ra8 a5 57. Rh6 Rc6 58. Rh7 Kb4 59. Re8 a4 60. Re4+ Rc4 61. Re2 a3 62. Ra7 b5 63. Ra6 Kb3 64. Re1 a2 65. Ra1 Ra4 66. Re6 Be5+ 0-1

[Event "*** Titled Tuesday Blitz"]
[Site "Chess.com"]
[Date "2019.07.02"]
[Round "4"]
[White "JozefKneht"]
[Black "x-6099009240"]
[Result "1-0"]
[WhiteElo "2349"]
[BlackElo "2305"]
[TimeControl "180+2"]
[EndTime "13:54:22 PDT"]
[Termination "JozefKneht won by checkmate"]

1. e4 c5 2. Nf3 d6 3. d4 cxd4 4. Nxd4 Nf6 5. Nc3 a6 6. Bg5 Nbd7 7. f4 Qa5 8. Qf3 h6 9. Bxf6 Nxf6 10. f5 g5 11.
fxg6 fxg6 12. Bc4 Qe5 13. Qd3 b5 14. Bd5 Nxd5 15. Nxd5 Bb7 16. Nc7+ Kd7 17. Nxa8 Bg7 18. Nb6+ Kc7 19. Nf3 Qxb2 20. O-O Kxb6 21. Rab1 Qxa2 22.
c4 Qa4 23. e5 dxe5 24. cxb5 axb5 25. Rxb5+ Qxb5 26. Rb1 Qxb1+ 27. Qxb1+ Kc7 28. Qc2+ Kd7 29. Qxg6 Bf6 30. Qf5+ Kd6 31. Qd3+ Ke6 32. Nd2 Bd5 33.
Ne4 Bxe4 34. Qxe4 h5 35. Qc4+ Kf5 36. g3 h4 37. g4+ Kg6 38. Qe4+ Kf7 39. h3 Rb8 40. Qh7+ Kf8 41. g5 Bg7 42. Qxh4 Rb1+ 43. Kf2 Rb2+ 44. Ke1 Kf7 45. Qe4 Rb6 46. h4 Rd6 47. h5 Rd4 48. Qf5+ Ke8 49. h6 Bh8 50. Qh7 Bf6 51. gxf6 exf6 52. Qg6+ Ke7 53. h7 Rh4 54. Qg7+ Ke6 55. h8=Q Rxh8 56. Qxh8 Kf5 57. Ke2 Kg5 58.
Qg7+ Kf5 59. Kf3 Ke6 60. Qg6 Ke7 61. Ke4 Ke6 62. Qh6 Ke7 63. Kf5 e4 64. Qxf6+ Kd7 65. Qe6+ Kc7 66. Qxe4 Kd7 67. Qb7+ Ke8 68. Kf6 Kd8 69.
Ke6 Ke8 70. Qa8# 1-0

[Event "*** Titled Tuesday Blitz"]
[Site "Chess.com"]
[Date "2019.07.02"]
[Round "4"]
[White "jk13"]
[Black "FrenchMonster2002"]
[Result "0-1"]
[WhiteElo "2581"]
[BlackElo "2448"]
[TimeControl "180+2"]
[EndTime "13:54:24 PDT"]
[Termination "FrenchMonster2002 won by resignation"]

1. e4 c5 2. c3 Nf6 3. e5 Nd5 4. Bc4 Nb6 5. Bb3 c4 6. Bc2 Nc6 7. Nf3 Qc7 8. Qe2 g6 9. Na3 Bg7 10. Nxc4 Nxc4 11. Qxc4 Bxe5 12. d4 Nxd4 13. Qd3 Nxc2+ 14.
Qxc2 Bg7 15. O-O O-O 16. Re1 e6 17. Bg5 b6 18. Qd2 Bb7 19. Be7 Rfe8 20. Bd6 Qc6 21. Rad1 Qd5 22. Qf4 Qf5 23. Qxf5 exf5 24. Ne5 Bxe5 25.
Bxe5 Bc6 26. f3 Re6 27. Bf4 Rae8 28. Rxe6 Rxe6 29. Kf2 Kf8 30. c4 a6 31. b3 Ke7 32.
a4 b5 33. cxb5 axb5 34. a5 Bb7 35. b4 Ba6 36. h4 Rc6 37. Rd2 Re6 38. Be3 Rc6 39.
Bd4 Ke6 40. Bc5 d6 41. Bb6 Rc4 42. Rd4 Rxd4 43. Bxd4 Kd5 44. Bc3 Kc4 45. Be1 Kd3 46. Kg3 d5 47. Bf2 Ke2 48. Bc5 Kd3 49. Kf4 f6 50. Be7 d4 51. Bxf6 Kc4 52. Ke5 d3 53. Bg5 Kxb4 54. Bd2+ Kb3 55. Kd4 Kc2 56. Bb4 d2 57.
Bxd2 Kxd2 58. Kc5 b4 59. Kxb4 Ke3 60. Kc5 Kf2 61. g4 Kxf3 62. gxf5 gxf5 63. Kd5 Kg4 64. Ke5 f4 65. Ke4 f3 66. Ke3 Kg3 67.
h5 f2 0-1

[Event "*** Titled Tuesday Blitz"]
[Site "Chess.com"]
[Date "2019.07.02"]
[Round "4"]
[White "Benjoneliere44"]
[Black "CalinGheorghiu"]
[Result "1/2-1/2"]
[WhiteElo "2440"]
[BlackElo "2291"]
[TimeControl "180+2"]
[EndTime "13:54:26 PDT"]
[Termination "Game drawn by repetition"]

1. d4 Nf6 2. Nf3 e6 3. Bg5 d5 4. e3 Be7 5. Bd3 O-O 6. c3 c5 7.
Nbd2 Nc6 8. O-O b6 9. Ne5 Nxe5 10.
dxe5 Nd7 11. Bxe7 Qxe7 12. f4 Bb7 13. Qh5 g6 14. Qh6 f6 15. exf6 Qxf6 16. Nf3 Rae8 17.
Bb5 Re7 18. Bxd7 Rxd7 19. Ne5 Rdd8 20. Qg5 Qxg5 21. fxg5 Rf5 22. Rxf5 exf5 23. Kf2 Kf8 24. Rd1 Ke7 25. Nd3 d4 26. exd4 cxd4 27. Nf4 dxc3 28. Rxd8 Kxd8 29. bxc3 Ke7 30. Ke3 Kd6 31. Kd4 Be4 32. g3 a6 33. h4 Bf3 34. c4 Bd1 35.
Nd5 b5 36. cxb5 axb5 37. Nf6 b4 38. Nxh7 b3 39. axb3 Bxb3 40. Nf6 Bf7 41. Nh7 Ba2 42. Ke3 Ke5 43. Nf8 Bf7 44. Nd7+ Kd6 45. Nf6 Ke5 46.
Kf3 Bb3 47. Nd7+ Kd6 48. Nf8 Bf7 49. Kf4 Kd5 50. Nd7 Ke6 51. Ne5 Be8 52. g4 fxg4 53. Nxg4 Bf7 54. Ne5 Be8 55. Ke4 Ba4 56. Kf4 Bc2 57.
Nc6 Bb1 58. Nd4+ Kd5 59. Nf3 Ke6 60. Nd4+ Kd5 61. Nb5 Ke6 62. Nc3 Bc2 63. Ne2 Bb1 64.
Nd4+ 1/2-1/2

[Event "*** Titled Tuesday Blitz"]
[Site "Chess.com"]
[Date "2019.07.02"]
[Round "4"]
[White "vova-79"]
[Black "KarstenHansch"]
[Result "1/2-1/2"]
[WhiteElo "2398"]
[BlackElo "2424"]
[TimeControl "180+2"]
[EndTime "13:54:29 PDT"]
[Termination "Game drawn by repetition"]

1. d4 Nf6 2. c4 g6 3. Nf3 Bg7 4. g3 O-O 5. Bg2 d6 6. Nc3 Nc6 7. O-O a6 8. h3 Bd7 9. e4 e5 10. Be3 Qc8 11. Kh2 exd4 12. Nxd4 Nxd4 13. Bxd4 b5 14. c5 Re8 15. cxd6 cxd6 16. Rc1 Qd8 17. Re1 Rc8 18. Be3 Be6 19. Bf4 b4 20. Na4 Qa5 21. Rxc8 Rxc8 22. b3 d5 23. e5 Nd7 24. Qd4 Nc5 25.
Bxd5 Nxa4 26. Bxe6 fxe6 27. bxa4 Qxa4 28. Re2 a5 29.
Qd6 Qc6 30. Qe7 Bf8 31. Qf6 Rc7 32. Rd2 Rf7 33. Qg5 Qf3 34. h4 a4 35. Kg1 b3 36.
axb3 axb3 37. Rb2 Qd1+ 38. Kg2 Ba3 39. Rd2 Qb1 40. Qd8+ Bf8 41. Qb8 Qe4+ 42. Kh2 Qc4 43. Rb2 Rxf4 44. gxf4 Qxf4+ 45. Kg2 Qg4+ 46. Kf1 Qh3+ 47.
Kg1 Qg4+ 48. Kf1 Qh3+ 49. Kg1 Qxh4 50. Rxb3 Qg4+ 51. Rg3 Qd1+ 52. Kg2 Qd4 53. Rf3 Qg4+ 54. Rg3 Qe4+ 55. Rf3 Qg4+ 56. Rg3 Qe4+ 57. Rf3 Qg4+ 1/2-1/2

[Event "*** Titled Tuesday Blitz"]
[Site "Chess.com"]
[Date "2019.07.02"]
[Round "4"]
[White "MarcoRiehle"]
[Black "Qvalda"]
[Result "1-0"]
[WhiteElo "2706"]
[BlackElo "2497"]
[TimeControl "180+2"]
[EndTime "13:54:30 PDT"]
[Termination "MarcoRiehle won by resignation"]

1. e4 c5 2. Nf3 g6 3. d4 cxd4 4. Nxd4 Nc6 5. c4 Nf6 6. Nc3 Nxd4 7. Qxd4 d6 8. Be3 Bg7 9. f3 O-O 10. Qd2 Be6 11. Rc1 a6 12. Be2 Qa5 13. O-O Rfc8 14.
b3 b5 15. Nd5 Qxd2 16. Bxd2 Nxd5 17. exd5 Bd4+ 18. Kh1 Bd7 19. Rfe1 f5 20. Bd3 Kf7 21.
g3 bxc4 22. Bxc4 Bb5 23. Bf1 Bxf1 24. Rxf1 Bb2 25. Rxc8 Rxc8 26. Be3 Rc3 27. Bb6 Rd3 28. Rf2 Bf6 29. a4 Rxd5 30. b4 Rd1+ 31. Kg2 Rb1 32. Ba5 Bc3 33. Re2 Bxb4 34. Bd8 d5 35. Bb6 Bd6 36. a5 Rc1 37. Rb2 e5 38. Bd8 d4 39.
Rb6 Ke6 40. Rxa6 d3 41. Bg5 Rc2+ 42. Kf1 Kd5 43. Rb6 Ra2 44. a6 e4 45. fxe4+ fxe4 46. Be3 Ra1+ 47. Kg2 Ra2+ 48. Kf1 Ra1+ 49. Kg2 h5 50. a7 Ra2+ 51. Kf1 Rxa7 52. Rxd6+ Kxd6 53. Bxa7 Kd5 54. Ke1 Ke5 55. Be3 Kf5 56. h3 Ke5 57. Kd2 Kd5 58. Kc3 Ke5 59. Kc4 Ke6 60. Kd4 Kf5 61.
Kd5 g5 62. Kd4 g4 63. h4 1-0

[Event "*** Titled Tuesday Blitz"]
[Site "Chess.com"]
[Date "2019.07.02"]
[Round "4"]
[White "Barrelius"]
[Black "Manukyan_Artak"]
[Result "1-0"]
[WhiteElo "2505"]
[BlackElo "2327"]
[TimeControl "180+2"]
[EndTime "13:54:31 PDT"]
[Termination "Barrelius won by resignation"]

1. Nf3 c5 2. c4 Nc6 3. Nc3 g6 4. g3 Bg7 5. Bg2 e5 6. O-O f5 7. d3 Nf6 8. Bg5 O-O 9. Ne1 d6 10.
Nc2 Be6 11. Ne3 h6 12. Bxf6 Qxf6 13. Ned5 Qf7 14. a3 a5 15. e3 h5 16. h4 Bh6 17. Bf3 Kh7 18. Kg2 Rg8 19. b4 axb4 20. axb4 Nxb4 21. Nxb4 cxb4 22. Nd5 f4 23. Rxa8 Rxa8 24.
Qd2 fxe3 25. fxe3 b3 26. Nc3 Qf5 27. Rh1 b2 28. Be4 Qf7 29. Qxb2 Bxe3 30. Qe2 Bh6 31. Rf1 Qg7 32. Qxh5 Ra3 33. Ne2 Ra2 34. Qf3 Qd7 35. Rf2 Bg4 36. Qf6 Qg7 37. Qxg7+ Kxg7 38. Nc3 Bh3+ 39. Kf3 Bg4+ 40. Kg2 Bh3+ 41. Kg1 Ra1+ 42.
Kh2 Bg4 43. Rb2 Be3 44. Rxb7+ Kh6 45. Rb2 Bd4 46. Rc2 Rf1 47. Nb5 Bc5 48. Kg2 Rf7 49.
Bd5 Rf6 50. Nc3 g5 51. hxg5+ Kxg5 52. Ne4+ Kf5 53. Nxf6 Kxf6 54. Bf3 Bf5 55. Be4 Bg4 56. Ra2 Kg5 57. Ra8 Bd1 58. Rg8+ Kf6 59. Rg6+ Ke7 60. g4 Be3 61. Kh3 Bf4 62. Kh4 Be2 63. Kh5 d5 64.
cxd5 1-0

[Event "*** Titled Tuesday Blitz"]
[Site "Chess.com"]
[Date "2019.07.02"]
[Round "4"]
[White "JonahWillow"]
[Black "Bryakin_Mikhail"]
[Result "1-0"]
[WhiteElo "2709"]
[BlackElo "2668"]
[TimeControl "180+2"]
[EndTime "13:54:35 PDT"]
[Termination "JonahWillow won by resignation"]

1. e4 c6 2. d4 d5 3. e5 Bf5 4. h4 h5 5. c4 e6 6. Nc3 Ne7 7. Nge2 dxc4 8. Ng3 Bg6 9. Bxc4 Nf5 10.
Bg5 Qb6 11. Nxf5 Bxf5 12. O-O Nd7 13. Qd2 Be7 14. Bxe7 Kxe7 15. Bb3 Kf8 16. Rad1 Qb4 17. Qg5 Qe7 18. Qg3 Nb6 19. Rfe1 Rd8 20. Qf4 Rg8 21. d5 cxd5 22. Bxd5 Bc2 23. Rd2 g5 24.
hxg5 Qxg5 25. Qb4+ Qe7 26. Qf4 Qg5 27. Qxg5 Rxg5 28.
Rxc2 Nxd5 29. Nxd5 Rxd5 30. Rc8+ Kg7 31. Rc7 Rb5 32.
b3 a5 33. Re4 Rf5 34. f4 b6 35. Rc6 Kg6 36. Kf2 Rd5 37. Ke3 b5 38. Rc8 Kg7 39. Ra8 b4 40. Rc4 Rd7 41. Rxa5 Rb7 42. Ra4 h4 43. Raxb4 Rd7 44. Rd4 Rc7 45. Rbc4 Rb7 46.
Kf3 Rh5 47. Kg4 Rh8 48. Rd3 Kg6 49. Rh3 Rd8 50. Rxh4 Rd2 51. Kf3 Rb8 52. Rg4+ Kh7 53. Rc7 Rf8 54. Ra7 Kh6 55. Ke3 Rb2 56. Rc7 Rb1 57.
g3 Re1+ 58. Kf2 Rh1 59. Kg2 Ra1 60. Rc2 Rd8 61. Kf3 Rf1+ 62. Rf2 Rh1 63. Rh4+ Rxh4 64.
gxh4 Kg6 65. Ke4 Rd1 66. a4 Re1+ 67. Kd4 Kf5 68. a5 Ra1 69. b4 1-0

[Event "*** Titled Tuesday Blitz"]
[Site "Chess.com"]
[Date "2019.07.02"]
[Round "4"]
[White "larso"]
[Black "alishersuleymenov"]
[Result "1-0"]
[WhiteElo "2796"]
[BlackElo "2600"]
[TimeControl "180+2"]
[EndTime "13:54:36 PDT"]
[Termination "larso won by resignation"]

1. d4 Nf6 2. Bg5 e6 3. e4 h6 4. Bxf6 Qxf6 5. c3 g5 6. Nd2 Bg7 7. Bd3 b6 8. Ne2 Bb7 9. O-O Qe7 10. a4 a6 11. f4 d6 12. f5 Nd7 13. Ng3 Nf6 14. Nh5 Nxh5 15. Qxh5 exf5 16. Rxf5 O-O 17. Raf1 b5 18. h4 Bc8 19. R5f2 Be6 20. Nf3 f6 21. e5 Bf7 22. Bg6 dxe5 23. hxg5 Bxg6 24. Qxg6 fxg5 25.
Nxe5 Rxf2 26. Rxf2 Rf8 27. Rxf8+ Qxf8 28. Qe6+ Kh7 29.
Qg6+ Kg8 30. Qxa6 bxa4 31. Qxa4 Qf4 32. Qe8+ Kh7 33. Qg6+ Kg8 34. Qe6+ Kh7 35. Nd3 Qd2 36. Qe4+ Kh8 37. Kh2 Qc2 38. Kg3 Qd1 39. Qf3 Qh1 40.
Kg4 Kh7 41. Kf5 Qa1 42. Qe4 Qa6 43. Kg4+ Kg8 44. Nc5 Qf1 45. Ne6 Qd1+ 46. Kf5 Qf1+ 47. Kg4 Qd1+ 48. Kg3 Qd2 49. Kh2 Qf2 50. c4 c5 51. dxc5 Qxb2 52. c6 Be5+ 53. Kh3 Qb3+ 54. Kg4 Qd1+ 55. Kf5 Bh2 56. Qd5 Qf1+ 57. Kg6 Qf7+ 58.
Kxh6 Qh7+ 59. Kxg5 Qe7+ 60. Kf5 Qh7+ 61. Kg4 Qc2 62. Ng5+ Kh8 63. Qd8+ Kg7 64. Qe7+ Kh6 65. Qf6+ Qg6 66. Qh8+ 1-0

[Event "*** Titled Tuesday Blitz"]
[Site "Chess.com"]
[Date "2019.07.02"]
[Round "4"]
[White "aa175"]
[Black "Vamostodorecto"]
[Result "1-0"]
[WhiteElo "2270"]
[BlackElo "2411"]
[TimeControl "180+2"]
[EndTime "13:54:38 PDT"]
[Termination "aa175 won on time"]

1. d4 Nf6 2. Bf4 g6 3. e3 Bg7 4.
Nd2 O-O 5. Bd3 d6 6. h4 c5 7. c3 b6 8. Qf3 Qc7 9. Qxa8 Nc6 10.
Ngf3 Bb7 11. Qxf8+ Bxf8 12. O-O e5 13. dxe5 dxe5 14.
Bg5 Nd7 15. h5 Qd6 16. Bc2 h6 17. Bh4 g5 18. Bg3 Nf6 19. Nc4 Qe6 20. Ncxe5 Nxe5 21. Nxe5 Nxh5 22. Bb3 Bd5 23. Bxd5 Qxd5 24. Rfd1 Qe6 25.
Bh2 g4 26. Bf4 Bg7 27. Rd8+ Kh7 28. Nd3 c4 29. Ne1 g3 30. fxg3 Nxf4 31. exf4 Qe2 32. Nf3 Qxb2 33. Re1 Qxc3 34. Re7 Qa1+ 35. Kh2 c3 36.
Rc7 Qxa2 37. Rdc8 b5 38. Ne5 b4 39. Nxf7 b3 40. Nd6 b2 41. Nf5 Kg6 42. Nh4+ Kf6 43. Rc6+ Kf7 44. R8c7+ Ke8 45. Rxg7 Kf8 46. Rh7 Kg8 47.
Rd7 Qf7 48. Rc8+ Qf8 49. Rxf8+ Kxf8 50. Ng6+ Ke8 51. Rb7 c2 52. Rxb2 c1=Q 53. Rb8+ Kf7 54. Ne5+ Ke6 55. Rb7 a5 56. Ra7 Qc3 57. Ra6+ Kf5 58.
Rxh6 a4 59. Nf7 a3 60. Nd6+ 1-0

[Event "*** Titled Tuesday Blitz"]
[Site "Chess.com"]
[Date "2019.07.02"]
[Round "4"]
[White "David_Paravyan"]
[Black "enriquetejedor"]
[Result "1-0"]
[WhiteElo "2857"]
[BlackElo "2575"]
[TimeControl "180+2"]
[EndTime "13:54:39 PDT"]
[Termination "David_Paravyan won by resignation"]

1. e4 e6 2. d4 d5 3. Nc3 Bb4 4. e5 Ne7 5. a3 Bxc3+ 6. bxc3 c5 7. h4 Qc7 8. Nf3 b6 9. Bb5+ Nbc6 10. h5 h6 11. a4 a6 12. Bd3 a5 13. Ba3 Nb8 14. Rh4 Ba6 15. Rg4 Bxd3 16. Qxd3 Nf5 17. Rb1 Nd7 18.
Kf1 Rc8 19. dxc5 bxc5 20. c4 dxc4 21. Rxc4 Nxe5 22. Nxe5 Qxe5 23. Re1 Qh2 24. f3 O-O 25. Bxc5 Rfd8 26. Bg1 Qxh5 27. Rxc8 Rxc8 28. c4 Ng3+ 29. Kf2 Qh4 30. Rc1 Nf5+ 31. Kf1 Ng3+ 32. Ke1 Nf5+ 33. Ke2 Qg5 34. Be3 Qxg2+ 35. Bf2 Qg6 36. c5 e5 37. Qd7 Qa6+ 38. Ke1 Nd4 39. Bxd4 exd4 40. c6 d3 41. Kd2 Rb8 42. c7 Rc8 43. Rc6 Qb7 44.
Qd8+ Kh7 45. Qxd3+ g6 46. Qd7 Qb2+ 47. Rc2 Qb4+ 48.
Ke2 Qf8 49. Kf2 h5 50. Kg2 Kg7 51. Qd4+ Kh7 52. Qd7 Kg7 53. Rd2 Kh7 54. Rd5 Kg7 55. Qd8 h4 56. Qxf8+ Rxf8 57. Rd8 h3+ 58. Kh2 Rh8 59.
Rxh8 Kxh8 60. c8=Q+ Kg7 61. Qc5 1-0

[Event "*** Titled Tuesday Blitz"]
[Site "Chess.com"]
[Date "2019.07.02"]
[Round "4"]
[White "Siniauski"]
[Black "GukeshDommaraju"]
[Result "0-1"]
[WhiteElo "2438"]
[BlackElo "2587"]
[TimeControl "180+2"]
[EndTime "13:54:39 PDT"]
[Termination "GukeshDommaraju won by resignation"]

1. e4 c5 2. Nf3 Nc6 3. Bb5 g6 4. Bxc6 dxc6 5. d3 Bg7 6. h3 Nf6 7. Nc3 Nd7 8. Be3 e5 9. Qd2 h6 10. Nh2 b6 11. O-O Nf8 12. f4 exf4 13. Bxf4 Ne6 14. Be3 Nd4 15. Rae1 Be6 16. e5 Bxe5 17.
Ng4 Bg7 18. Ne4 f5 19. Bxd4 Qxd4+ 20. Nef2 Kd7 21. Ne3 Rae8 22. a3 Qxb2 23. Qe2 Qd4 24. Qf3 Rhf8 25. Kh1 g5 26. Nc4 g4 27. Qg3 f4 28. Qh4 f3 29. Nxg4 fxg2+ 30. Kxg2 Bd5+ 31. Kh2 Rxf1 32. Rxf1 Re2+ 33. Rf2 Rxf2+ 34. Qxf2 Qxf2+ 35. Nxf2 b5 36. Ne3 Be5+ 37. Kg1 Bd4 38. Nfd1 Bf3 39. Kf1 a5 40. c3 Bf6 41. Kf2 Bh5 42. Ke1 b4 43. cxb4 cxb4 44. axb4 axb4 45. Kd2 Bg5 46. Kc2 Be2 47. Nc4 b3+ 48. Kxb3 Bxd1+ 49. Kc3 Ke6 50. d4 Be2 51. Na5 Kd5 52. Nb3 Bf6 53. Kb4 Bxd4 54. Nd2 c5+ 55. Ka3 c4 56. h4 c3 57. Nb3 c2 58. h5 Bxh5 59. Ka2 Kc4 60. Nc1 Be3 61.
Kb2 Bxc1+ 62. Ka1 Bd2 63. Ka2 Kd4 64. Kb3 c1=Q 0-1

[Event "*** Titled Tuesday Blitz"]
[Site "Chess.com"]
[Date "2019.07.02"]
[Round "4"]
[White "Tjktiger"]
[Black "ElGasanov"]
[Result "1-0"]
[WhiteElo "2873"]
[BlackElo "2713"]
[TimeControl "180+2"]
[EndTime "13:54:44 PDT"]
[Termination "Tjktiger won by resignation"]

1. c4 e5 2. Nc3 Nc6 3. Nf3 Nf6 4. e4 d6 5. h3 g6 6. d3 Bg7 7. g3 O-O 8. Bg2 Nd7 9. O-O Nc5 10. Be3 f5 11. exf5 Bxf5 12. d4 Ne4 13. Nxe4 Bxe4 14. dxe5 dxe5 15. Ng5 Bxg2 16. Qxd8 Rfxd8 17. Kxg2 Nd4 18. Ne4 b6 19. Bg5 Rd7 20. Rad1 Rf8 21. c5 Rdf7 22. Be3 h6 23. h4 Kh7 24. Rc1 Nf5 25.
Rfe1 Rd8 26. cxb6 cxb6 27. Rc6 Rd3 28. Re2 Bf8 29. Nf6+ Kg7 30. Ng4 Bd6 31. Nh2 Nxe3+ 32. fxe3 Bc5 33. Nf3 Rxe3 34. Rxe3 Bxe3 35. Nxe5 Rf2+ 36.
Kh3 Rxb2 37. Rxg6+ Kh7 38. Re6 h5 39. Nf3 Bc5 40.
g4 hxg4+ 41. Kxg4 Rxa2 42. Ng5+ Kg7 43. h5 Ra4+ 44. Kf5 Rh4 45. Rg6+ Kh8 46. Nf7+ Kh7 47. Ng5+ Kh8 48. h6 Bf8 49. Nf7+ Kh7 50. Ng5+ Kh8 51. Re6 Bxh6 52. Kg6 Bf8 53. Re8 Kg8 54. Ne6 Rh6+ 55.
Kf5 Rh5+ 56. Kg4 Re5 57. Rxf8+ Kh7 58. Rf6 a5 59. Ng5+ Kg7 60. Rxb6 Rc5 61. Ne6+ 1-0

[Event "*** Titled Tuesday Blitz"]
[Site "Chess.com"]
[Date "2019.07.02"]
[Round "4"]
[White "AdrianaNikolova"]
[Black "SoltaniciR"]
[Result "0-1"]
[WhiteElo "2470"]
[BlackElo "2564"]
[TimeControl "180+2"]
[EndTime "13:54:48 PDT"]
[Termination "SoltaniciR won by resignation"]

1. e4 c5 2. Nf3 d6 3. d4 cxd4 4. Nxd4 Nf6 5. Nc3 a6 6. Bg5 e6 7.
f4 Be7 8. Qf3 h6 9. Bh4 Qc7 10.
O-O-O Nbd7 11. g4 g5 12. fxg5 Ne5 13. Qg3 Nfxg4 14. gxh6 Bxh4 15. Qxh4 Qe7 16. Qg3 Rxh6 17. Be2 Nf6 18. Kb1 Bd7 19. Nf3 Rg6 20. Qf4 Nfg4 21.
Rhg1 O-O-O 22. h3 Nxf3 23. Rxg4 Rxg4 24. hxg4 Ne5 25. g5 Bc6 26. Rh1 Rg8 27. Rh5 Ng6 28.
Qg3 Ne5 29. a4 Kb8 30. Qf4 Qc7 31. Qf6 Qd8 32. Rh7 Qxf6 33. gxf6 Rg6 34. Bh5 Rxf6 35.
Rh8+ Kc7 36. Rf8 Rf4 37. b3 Kd7 38. Kb2 Ke7 39. Rb8 Kd7 40. Be2 Kc7 41. Rf8 Bxe4 42. Nxe4 Rxe4 43. Bh5 Rh4 44. Be2 d5 45. b4 Rxb4+ 46.
Ka3 Re4 47. Bd3 Nxd3 48. Rxf7+ Kc6 49. cxd3 Rd4 50. Re7 Rxd3+ 51. Kb4 Re3 52. a5 Re4+ 53. Kb3 Kb5 54. Rxb7+ Kxa5 55. Rb8 Re3+ 56. Kc2 d4 57. Kd2 e5 58. Kc2 e4 59. Kd2 Rh3 60. Kc2 Rh2+ 61. Kb3 d3 62. Re8 Re2 63. Re5+ Kb6 64. Kc3 d2 65. Kc2 e3 66. Rd5 Re1 67. Rd6+ Kc5 68. Rd8 Rc1+ 69. Kb2 0-1

[Event "*** Titled Tuesday Blitz"]
[Site "Chess.com"]
[Date "2019.07.02"]
[Round "4"]
[White "Padenie_Zvezd"]
[Black "vanea_03"]
[Result "1-0"]
[WhiteElo "2694"]
[BlackElo "2669"]
[TimeControl "180+2"]
[EndTime "13:54:53 PDT"]
[Termination "Padenie_Zvezd won by resignation"]

1. d4 Nf6 2. c4 e6 3. Nf3 d5 4. Nc3 Be7 5. Bg5 O-O 6. e3 Nbd7 7. Rc1 h6 8. Bh4 c5 9. cxd5 Nxd5 10. Bxe7 Nxe7 11. Bb5 cxd4 12. Qxd4 Nf6 13. O-O a6 14. Be2 b5 15. Qc5 Ned5 16. Rfd1 Bb7 17. e4 Rc8 18.
Qa7 Qb6 19. Qxb6 Nxb6 20. Rd6 Nc4 21. Bxc4 Rxc4 22. Nd2 Rc7 23. f3 Rfc8 24. Nb3 Nd7 25. Rcd1 Ne5 26. Rd8+ Rxd8 27. Rxd8+ Kh7 28. Na5 b4 29.
Ne2 Bc6 30. f4 Bb5 31. fxe5 Bxe2 32. Rd2 Bb5 33. Nb3 Kg6 34. Kf2 Rc4 35. Nd4 Be8 36.
Ke3 a5 37. Rc2 Rxc2 38. Nxc2 f6 39. Nd4 fxe5 40. Nxe6 Kf6 41. Nc5 Bf7 42. b3 Ke7 43.
Nb7 a4 44. Nc5 a3 45. Nd3 Bxb3 46. Nxb4 Be6 47. Nc2 Bxa2 48. Nxa3 Be6 49. Nb5 Kf6 50. Nc3 Bf7 51. Kd3 Be6 52. Nd5+ Kg5 53. Kc4 Kg6 54. Kc5 Bg4 55. Kd6 Be2 56. Kxe5 Bf1 57. Ne3 Ba6 58. Kd6 Kg5 59. e5 Kf4 60. Nd5+ Ke4 61. e6 Kf5 62. Nc7 Bc4 63. e7 Bf7 64. e8=Q Bxe8 65. Nxe8 g5 66. Kd5 Kf4 67. Kd4 h5 68.
Nf6 h4 69. Nd5+ Kf5 70. h3 1-0

[Event "*** Titled Tuesday Blitz"]
[Site "Chess.com"]
[Date "2019.07.02"]
[Round "4"]
[White "MFBerna"]
[Black "ehrenfeld"]
[Result "0-1"]
[WhiteElo "2410"]
[BlackElo "2563"]
[TimeControl "180+2"]
[EndTime "13:55:00 PDT"]
[Termination "ehrenfeld won by resignation"]

1. e4 e5 2. Nf3 Nc6 3. Bc4 Nf6 4.
d3 Be7 5. O-O O-O 6. c3 d5 7.
exd5 Nxd5 8. Re1 Bg4 9. h3 Bh5 10. Nbd2 Nb6 11. Bb5 f6 12. Nc4 Kh8 13. Nxb6 axb6 14.
Qe2 Qd6 15. d4 exd4 16. Bxc6 Qxc6 17. Nxd4 Bxe2 18. Nxc6 bxc6 19. Rxe2 Bd6 20. Be3 Kg8 21. Rd2 c5 22. a3 Kf7 23. Rad1 Rfe8 24. Kf1 Re4 25.
Re2 Re6 26. Bc1 c4 27. Rxe6 Kxe6 28. Re1+ Kd5 29. Rd1+ Kc6 30. Ke2 Re8+ 31. Kf3 Re5 32. Be3 Rd5 33. Bd4 Kb5 34. Re1 c5 35. Be3 Ka4 36. Ke4 Re5+ 37. Kf3 Rd5 38. Ke4 Rd3 39.
Kf5 Kb3 40. Re2 Rd1 41. Ke6 Bc7 42. Kf7 Rd7+ 43. Kg8 h5 44. Kh7 g5+ 45. Kg6 Be5 46.
Kxh5 Rd1 47. Bxg5 Rb1 48. Bh6 Rxb2 49. Re1 Bxc3 50. Re6 b5 51. Rc6 Bd4 52. Kg6 Rxf2 53.
g4 c3 54. h4 c2 55. h5 Rf1 56. Bd2 c1=Q 57. Bxc1 Rxc1 58. h6 Kxa3 59. h7 Rh1 60. Rc8 Kb4 61. h8=Q Rxh8 62. Rxh8 c4 63. Kf5 c3 64.
Rc8 Bc5 65. Rh8 c2 66. Rh1 Be3 67. Kxf6 c1=Q 68. Rxc1 Bxc1 0-1

[Event "*** Titled Tuesday Blitz"]
[Site "Chess.com"]
[Date "2019.07.02"]
[Round "4"]
[White "AlexanderKing"]
[Black "Yurovskykh_Oleksandr"]
[Result "1-0"]
[WhiteElo "2531"]
[BlackElo "2519"]
[TimeControl "180+2"]
[EndTime "13:55:01 PDT"]
[Termination "AlexanderKing won by checkmate"]

1. d4 d5 2. c4 c6 3. Nf3 Nf6 4. e3 Bf5 5. Nc3 e6 6. Nh4 Be4 7. f3 Bg6 8. Qb3 Qc7 9. Bd2 Be7 10. g3 Nbd7 11. cxd5 Nxd5 12. Nxg6 hxg6 13. e4 Nxc3 14. bxc3 O-O 15. Rb1 b6 16. Be2 Bd6 17. Kf2 c5 18. Kg2 e5 19. Rbc1 Qb7 20. Bc4 exd4 21.
Bd5 Qa6 22. Bc4 Qb7 23. cxd4 cxd4 24. Bd5 Qa6 25. Qc4 Qxc4 26. Rxc4 Rac8 27. Rxd4 Be5 28. Rc4 Rxc4 29. Bxc4 Nc5 30. f4 Bd6 31. Kf3 Ne6 32.
Be3 Rc8 33. Rc1 Kf8 34. f5 gxf5 35. exf5 Nc5 36. h4 Be5 37. g4 Na4 38. g5 f6 39.
Bb3 Rxc1 40. Bxc1 Nc5 41. Bc4 a6 42. Be3 Bd6 43. a4 Nxa4 44. Bxa6 Nc5 45. Bc4 Nd7 46. Ke4 Bc5 47. Bf4 Bf2 48. h5 fxg5 49. Bxg5 Nf6+ 50. Kf3 Bd4 51. h6 gxh6 52. Bxh6+ Ke7 53. Bg5 Kd6 54. Ke2 Be5 55. Kd3 Nd7 56. Bb5 Nc5+ 57. Kc4 Ne4 58. Bh6 Ng3 59. Bf8+ Kc7 60. Kd5 Bc3 61. Bd6+ Kb7 62.
Bxg3 Kc8 63. Bd6 Kb7 64. Ke6 Kc8 65. f6 Bxf6 66. Kxf6 Kd8 67. Ke6 Kc8 68. Ke7 Kb7 69. Kd7 Ka7 70. Kc7 Ka8 71. Bc6+ Ka7 72. Bb7 b5 73. Bc5# 1-0